 Dungeon Crawl Stone Soup version 0.22-a0-388-g09e6169 (webtiles) character file.

63 Mgcat the Caller (level 4, -9/33 HPs)
             Began as a Hill Orc Summoner on Apr 29, 2018.
             Shot with an arrow by a centaur (13 damage)
             ... on level 3 of the Dungeon.
             The game lasted 00:05:51 (2569 turns).

Mgcat the Caller (Hill Orc Summoner)                Turns: 2569, Time: 00:05:52

Health: -9/33      AC:  2    Str: 10    XL:     4   Next: 10%
Magic:  3/7        EV: 12    Int: 16    God:
Gold:   92         SH:  0    Dex: 11    Spells: 5/8 levels left

rFire    . . .     SeeInvis .   k - +2 hand axe (freeze)
rCold    . . .     Gourm    .   (no shield)
rNeg     . . .     Faith    .   a - +0 robe
rPois    .         Spirit   .   (no helmet)
rElec    .         Reflect  .   (no cloak)
rCorr    .         Harm     .   (no gloves)
MR       .....                  (no boots)
Stlth    ++........             (no amulet)
HPRegen  0.11/turn              (no ring)
MPRegen  0.10/turn              (no ring)

@: no status effects
A: no striking features
a: no special abilities


You were on level 3 of the Dungeon.
You were not hungry.

You visited 1 branch of the dungeon, and saw 3 of its levels.

You collected 92 gold pieces.

Inventory:

Hand Weapons
 k - a +2 hand axe of freezing (weapon)
   (You found it on level 2 of the Dungeon)
Armour
 a - a +0 robe (worn)
Scrolls
 b - 6 scrolls of identify {unknown}
 d - a scroll of immolation {unknown}
 e - a scroll of remove curse {unknown}
 f - a scroll of teleportation {unknown}
 g - a scroll of magic mapping {unknown}
 i - a scroll of amnesia {unknown}
Potions
 j - a potion of might {unknown}
 l - a potion of berserk rage {unknown}
 m - a potion of curing {unknown}
 n - a potion of ambrosia {unknown}
Comestibles
 c - 2 rations


   Skills:
 - Level 1.5 Dodging
 - Level 1.5 Stealth
 + Level 2.5 Spellcasting
 + Level 4.8 Summonings


You had 5 spell levels left.
You knew the following spells:

 Your Spells              Type           Power        Failure   Level  Hunger
a - Summon Small Mammal   Summ           ###.         2%          1    #......
b - Call Imp              Summ           ###.....     4%          2    ##.....


Dungeon Overview and Level Annotations

Branches:
Dungeon (3/15)

Altars:
Nemelex Xobeh


Message History

Your shadow imp hits the adder.
The adder bites your shadow imp.
Your shadow imp barely misses the adder.
The adder bites your shadow imp.
Your shadow imp closely misses the adder.
The adder bites your shadow imp. x2
Your shadow imp dies!
Casting: Call Imp (safe; 4% risk of failure)
Confirm with . or Enter, or press ? or * to list all spells.
You miscast Call Imp.
You are very lightly contaminated with residual magic.
The world appears momentarily distorted.
You slash the adder! You freeze the adder.
You kill the adder!
You have reached level 4!
You hit the worm. You freeze the worm.
The worm is heavily wounded.
The worm bites you!
You are too injured to fight recklessly!
You are too injured to fight recklessly!
You are too injured to fight recklessly!
You hit the worm but do no damage.
The worm is heavily wounded.
The worm barely misses you.
You hit the worm. You freeze the worm.
The worm is heavily wounded.
The worm bites you!
Casting: Call Imp (safe; 4% risk of failure)
Confirm with . or Enter, or press ? or * to list all spells.
A beastly little devil appears in a puff of frigid air.
The worm bites you.
* * * LOW HITPOINT WARNING * * *
Your white imp barely misses the worm.
You barely miss the worm.
The worm is moderately wounded.
Your white imp gestures at the worm.
The puff of frost hits the worm.
The worm barely misses your white imp.
You slash the worm! You freeze the worm.
You kill the worm!
Your magical contamination has completely faded away.
Your white imp disappears in a puff of smoke!
Some of the chunks of flesh in your inventory have rotted away.
Eating one of 3 chunks of flesh {@w0}.
You eat one of the 3 chunks of flesh {@w0}.
This raw flesh tastes terrible.
You butcher the worm corpse.
h - 5 chunks of flesh {@w0} (gained 3)
b - 5 scrolls labeled PUOGOWERISH (gained 1)
You see here 25 stones.
Some of the chunks of flesh in your inventory have rotted away.
A hobgoblin comes into view. It is wielding a club.
The hobgoblin shouts!
Found an escape hatch in the ceiling.
A hobgoblin is nearby!
You completely miss the hobgoblin. The hobgoblin closely misses you.
You hit the hobgoblin. You freeze the hobgoblin.
You kill the hobgoblin!
No target in view!
No target in view!
You see here a club.
There is an escape hatch in the ceiling here.
Key pressed, stopping explore.
You see here a club.
All of the chunks of flesh in your inventory have rotted away.
You see here a plate armour.
There is a stone staircase leading down here.
b - 6 scrolls labeled PUOGOWERISH (gained 1) Done exploring.
Done exploring.
Done exploring.
Done exploring.
Done exploring.
Done exploring.
(D) Dungeon
Where to? (Enter - D:2, ? - help)
What level of the Dungeon? (default 1, ? - help)
There is a stone staircase leading down here.
You climb downwards.
There is a stone staircase leading up here.
You now have 92 gold pieces (gained 13).
A centaur comes into view.
The centaur shouts!
The centaur wields a shortbow.
The centaur shoots an arrow.
The arrow hits you.
You see here an arrow.
Casting: Call Imp (safe; 4% risk of failure)
Confirm with . or Enter, or press ? or * to list all spells.
A beastly little devil appears in a puff of frigid air.
The centaur shoots an arrow.
The arrow hits your white imp!
Your white imp dies!
The centaur shoots an arrow.
The arrow hits you.
Casting: Call Imp (safe; 4% risk of failure)
Confirm with . or Enter, or press ? or * to list all spells.
A beastly little devil appears in a puff of flame.
The centaur shoots an arrow.
The arrow hits you.
The centaur shoots an arrow.
The arrow hits you.
The centaur shoots an arrow.
The arrow hits you!
Ouch! That really hurt!
* * * LOW HITPOINT WARNING * * *
The centaur shoots an arrow.
The arrow hits you!
You die...

...#... # .......
####.# .......
#<...# ......c
#.#### .......
#.# ....... ##.#
...#..c#### #..#
.......((5####.##
#########@.....#
########


You could see a centaur and a friendly crimson imp.

Vanquished Creatures
  2 adders (D:2)
  2 worms (D:2)
  A dart slug (D:2)
  A leopard gecko (D:2)
  A ball python (D:1)
  A giant cockroach (D:1)
  3 goblins
  5 hobgoblins
  4 jackals (D:2)
  4 kobolds
  2 bats
  2 frilled lizards
  7 rats
35 creatures vanquished.

Vanquished Creatures (collateral kills)
  A dart slug (D:2)
  3 hobgoblins (D:1)
  A bat (D:1)
  A frilled lizard (D:2)
  A goblin (D:1)
  3 rats (D:1)
10 creatures vanquished.

Grand Total: 45 creatures vanquished

Notes
Turn   | Place    | Note
-------+----------+-------------------------------------------
     0 | D:1      | Mgcat the Hill Orc Summoner began the quest for the Orb.
     0 | D:1      | Reached XP level 1. HP: 14/14 MP: 3/3
   315 | D:1      | Reached XP level 2. HP: 12/20 MP: 1/4
   545 | D:1      | Reached skill level 2 in Spellcasting
   848 | D:1      | Learned a level 2 spell: Call Imp
  1079 | D:1      | HP: 5/20 [hobgoblin/club (6)]
  1080 | D:1      | HP: 2/20 [hobgoblin (2)]
  1665 | D:2      | Reached XP level 3. HP: 19/26 MP: 2/6
  2133 | D:2      | Found a sparkling altar of Nemelex Xobeh.
  2167 | D:2      | Reached XP level 4. HP: 30/33 MP: 2/7
  2173 | D:2      | HP: 6/33 [worm (4)]
  2563 | D:3      | Noticed a centaur
  2569 | D:3      | HP: 4/33 [centaur/arrow (17)]
  2569 | D:3      | Shot with an arrow by a centaur

Vault maps used:
D:1:      dpeg_arrival_three_smaller_balls, roderic_lattice_a,
          skrybe_limestone_x, st_stairs_8
D:2:      nemelex_xobeh_ov_fountains_minmay
D:3:      minitemple, lemuel_crystal_altar, first_ration, bloody_trog

Skill      XL: |  1  2 |
---------------+-------+-----
Spellcasting   | 2 |  2.5
Dodging        | |  1.5
Stealth        | |  1.5
Summonings     | |  4.8

Action                   |  1- 3 |  4- 6 || total
-------------------------+-------+-------++-------
Melee: Dagger            |    82 |       ||    82
       Unarmed           |     4 |       ||     4
       Hand axe          |    34 |     7 ||    41
 Cast: Summon Small Mamm |    19 |       ||    19
       Call Imp          |     7 |     3 ||    10
 Stab: Distracted        |     2 |       ||     2
       Sleeping          |     6 |       ||     6
  Eat: Chunk             |     5 |     1 ||     6
Armor: Robe              |    17 |       ||    17
Dodge: Dodged            |    59 |     2 ||    61

Table legend:
 A = Spawn XP
 B = Non-spawn XP
 C = Spawn XP percentage of total XP
 D = Spawn monster count
 E = Non-spawn monster count
 F = Spawn count percentage of total count
 G = Total turns spent on level
                    A         B        C        D         E        F      G
               +---------+---------+-------+---------+---------+-------+---------
         Total |       0 |      91 |   0.0 |       0 |      45 |   0.0 |  2569
               +---------+---------+-------+---------+---------+-------+---------
           D:1 |       0 |      27 |   0.0 |       0 |      22 |   0.0 |  1466
           D:2 |       0 |      64 |   0.0 |       0 |      23 |   0.0 |  1083
               +---------+---------+-------+---------+---------+-------+---------

Vault maps used:
D:1:      dpeg_arrival_three_smaller_balls, roderic_lattice_a,
          skrybe_limestone_x, st_stairs_8
D:2:      nemelex_xobeh_ov_fountains_minmay
D:3:      minitemple, lemuel_crystal_altar, first_ration, bloody_trog

Table legend:
 A = Turns spent in this place as a percentage of turns spent in the entire game.
 B = Non-inter-level travel turns spent in this place as a percentage of non-inter-level travel turns spent in the entire game.
 C = Inter-level travel turns spent in this place as a percentage of turns spent in this place.
 D = Turns resting spent in this place as a percentage of non-inter-level travel turns spent in this place.
 E = Turns spent auto-exploring this place as a percentage of non-inter-level travel turns spent in this place.
 F = Non-inter-level travel turns spent in this place divided by the number of levels of this place that you've seen.
                   A       B       C       D       E      F
               +-------+-------+-------+-------+-------+----------------------
         Total | 100.0 | 100.0 |   1.2 |   0.1 |  84.9 | 846.0
       Dungeon | 100.0 | 100.0 |   1.2 |   0.1 |  84.9 | 846.0
               +-------+-------+-------+-------+-------+----------------------

Table legend:
 A = Kills in this place as a percentage of kills in entire the game.
 B = Kills by you in this place as a percentage of kills by you in the entire game.
 C = Kills by friends in this place as a percentage of kills by friends in the entire game.
 D = Other kills in this place as a percentage of other kills in the entire game.
 E = Experience gained in this place as a percentage of experience gained in the entire game.
 F = Experience gained in this place divided by the number of levels of this place that you have seen.
                   A       B       C       D       E      F
               +-------+-------+-------+-------+-------+----------------------
         Total | 100.0 | 100.0 | 100.0 |   N/A | 100.0 |  30.3
       Dungeon | 100.0 | 100.0 | 100.0 |   N/A | 100.0 |  30.3
               +-------+-------+-------+-------+-------+----------------------
